 Dungeon Sprint DCSS version 0.21-a0-414-gba8bdf1 (webtiles) character file.

7045 Kidiri the Fighter (level 10, -2/96 HPs)
             Began as a Green Draconian Transmuter on Nov 2, 2017.
             Was the Champion of Wu Jian.
             Slain by a water elemental (13 damage)
             ... summoned by Ilsuiw
             ... in the Dungeon (Sprint VII: "The Pits").
             The game lasted 00:08:11 (1934 turns).

Kidiri the Fighter (Green Draconian Transmuter)     Turns: 1934, Time: 00:08:11

Health: -2/96      AC: 11    Str: 14    XL:     10   Next: 83%
Magic:  23/24      EV: 19    Int: 14    God:    Wu Jian [******]
Gold:   0          SH:  0    Dex: 16    Spells: 14/29 levels left

rFire    . . .     SeeInvis .     - Unarmed
rCold    . . .     Gourm    .   (no shield)
rNeg     . . .     Faith    .   (armour unavailable)
rPois    +         Spirit   .   (helmet restricted)
rElec    .         Reflect  .   (no cloak)
rCorr    .         Harm     .   u - +0 pair of gloves
MR       .....     NoTele   +   (no boots)
Stlth    ++........             (no amulet)
HPRegen  0.26/turn              b - +3 ring of protection
MPRegen  0.19/turn              r - +3 ring of dexterity

@: exhausted, mesmerised, glowing, heavenly storm
A: breathe noxious fumes, unfitting armour, poison resistance, cold-blooded, AC
+7
a: Breathe Noxious Fumes, Serpent's Lash, Heavenly Storm, Renounce Religion


You were in the Dungeon.
You worshipped Wu Jian.
Wu Jian was exalted by your worship.
You were full.

You visited 1 branch

Inventory:

Missiles
 a - 12 arrows
 o - 10 stones (quivered)
Armour
 u - a +0 pair of gloves (worn)
Jewellery
 b - a +3 ring of protection (left hand)
 r - a +3 ring of dexterity (right hand)
Scrolls
 i - a scroll of blinking
 j - 3 scrolls of remove curse
 k - 5 scrolls of amnesia
 l - a scroll of summoning
Potions
 e - 2 potions of invisibility
 f - a potion of haste
 g - 4 potions of magic
 h - 6 potions of berserk rage
 p - 6 potions of heal wounds
 q - 7 potions of curing
 s - a potion of might
 t - a potion of agility
Comestibles
 c - 8 bread rations
 m - 29 fruits
 n - 7 meat rations


   Skills:
 * Level 11.4 Fighting
 * Level 10.0 Dodging
 + Level 7.5 Stealth
 * Level 11.0 Unarmed Combat
 * Level 10.0 Spellcasting
 * Level 10.8 Transmutations
 + Level 6.7 Ice Magic
 + Level 8.1 Poison Magic


You had 14 spell levels left.
You knew the following spells:

 Your Spells              Type           Power        Failure   Level  Hunger
a - Beastly Appendage     Tmut           #####.       1%          1    None
b - Sticks to Snakes      Tmut           #####...     1%          2    None
c - Spider Form           Tmut/Pois      ####......   1%          3    #......
d - Ice Form              Ice/Tmut       ####....     2%          4    ###....
e - Blade Hands           Tmut           #####.....   3%          5    #####..


Dungeon Overview and Level Annotations

Branches:
Dungeon (1/1)

Altars:
Ashenzari
Cheibriados
Dithmenos
Elyvilon
Fedhas
Gozag
Hepliaklqana
Kikubaaqudgha
Makhleb
Nemelex Xobeh
Okawaru
Qazlal
Ru
Sif Muna
Trog
Uskayaw
Vehumet
Wu Jian
Xom
Yredelemnul
Zin
The Shining One
Beogh
Jiyva
Lugonu

Annotations:
D exclusions: 8 doors and 4 more exclusions, Ilsuiw


Innate Abilities, Weirdness & Mutations

You can breathe blasts of noxious fumes.
Your lurid green scales are hard. (AC +7)
You cannot fit into any form of body armour.
Your system is resistant to poisons. (rPois)
You are cold-blooded and may be slowed by cold attacks.


Message History

The merfolk siren chants a haunting song.
The water elemental hits you!
* * * LOW HITPOINT WARNING * * *
Unknown command.
With effort, you pull free of the water engulfing you.
You gasp with relief as air once again reaches your lungs.
You lunge at Ilsuiw.
You pummel Ilsuiw like a punching bag!!!
Your tail-slap misses Ilsuiw.
Ilsuiw is severely wounded.
You spin and attack the water elemental repeatedly.
You completely miss the water elemental.
The water elemental is heavily damaged.
You punch the water elemental! You tail-slap the water elemental!
The water elemental is almost destroyed.
The merfolk siren hits you from afar with a spear!
* * * LOW HITPOINT WARNING * * *
The merfolk siren chants its luring song.
Ilsuiw completely misses you. The water elemental hits you!
You die...

.#......#
........+
........+
.#......#
........#
#''###### #''#
######## #####
#..#
#....)§###§Et##
#..#
#..#§#)%§§§@§m.#
#..##4
##.##.§§§m#mt.#
#..#
##...##§§§###m.#
#..####.....##§##
#.#
#...##......#...#
..#
#....'[.....+...+
.'.
#...##......#...#
#.
#..####.....##.##
#..##.##...##...##


You could see Ilsuiw, a fire crab, a water elemental and 2 merfolk sirens.

Vanquished Creatures
  2 death yaks (D)
  A lindwurm (D)
  An orc knight (D)
  A phantasmal warrior (D)
  An orange demon (D)
  A smoke demon (D)
  An efreet (D)
  2 merfolk (D)
  2 trolls (D)
  A jumping spider (D)
  A hornet (D)
  A redback (D)
  5 yaks (D)
  A wyvern (D)
  A wraith (D)
  Edmund (D)
  A soldier ant (D)
  2 orc warriors (D)
  2 black bears (D)
  A sky beast (D)
  An eye of draining (D)
  A wolf (D)
  A big kobold (D)
  3 orc priests (D)
  Terence (D)
  A hell rat (D)
  A worker ant (D)
  2 gnolls (D)
  A river rat (D)
  A white imp (D)
  An ufetubus (D)
  A leopard gecko (D)
  6 orcs (D)
  2 goblins (D)
  5 jackals (D)
  A ball python zombie (D)
  A rat (D)
59 creatures vanquished.

Notes
Turn   | Place    | Note
-------+----------+-------------------------------------------
     0 | D        | Kidiri the Draconian Transmuter began the quest for the Orb.
     0 | D        | Reached XP level 1. HP: 16/16 MP: 3/3
    23 | D        | Noticed a worker ant
    35 | D        | Killed a worker ant
    35 | D        | Reached skill level 1 in Stealth
    35 | D        | Reached XP level 2. HP: 25/25 MP: 2/5
    44 | D        | Learned a level 2 spell: Sticks to Snakes
    72 | D        | Found a bloodstained altar of Trog.
    72 | D        | Found a deep blue altar of Sif Muna.
    72 | D        | Found a viscous altar of Jiyva.
    72 | D        | Found a hazy altar of Hepliaklqana.
    72 | D        | Found an opulent altar of Gozag.
    73 | D        | Found a glowing golden altar of the Shining One.
    73 | D        | Found a glowing silver altar of Zin.
    73 | D        | Found a basalt altar of Yredelemnul.
    73 | D        | Found a shimmering altar of Xom.
    73 | D        | Found an ornate altar of the Wu Jian Council.
    73 | D        | Found a sacrificial altar of Ru.
    73 | D        | Found a stormy altar of Qazlal.
    73 | D        | Found an iron altar of Okawaru.
    73 | D        | Found a sparkling altar of Nemelex Xobeh.
    73 | D        | Found a burning altar of Makhleb.
    73 | D        | Found a blossoming altar of Fedhas.
    73 | D        | Found a white marble altar of Elyvilon.
    73 | D        | Found a shadowy altar of Dithmenos.
    73 | D        | Found a snail-covered altar of Cheibriados.
    75 | D        | Found a radiant altar of Vehumet.
    75 | D        | Found a corrupted altar of Lugonu.
    75 | D        | Found a roughly hewn altar of Beogh.
    76 | D        | Found a hide-covered altar of Uskayaw.
    76 | D        | Found an ancient bone altar of Kikubaaqudgha.
    76 | D        | Found a shattered altar of Ashenzari.
    82 | D        | Became a worshipper of the Wu Jian Council
   122 | D        | Reached XP level 3. HP: 27/30 MP: 4/7
   153 | D        | Learned a level 3 spell: Spider Form
   157 | D        | Reached * piety under Wu Jian
   164 | D        | Reached ** piety under Wu Jian
   280 | D        | Noticed a sky beast
   297 | D        | Killed a sky beast
   297 | D        | Reached skill level 5 in Unarmed Combat
   297 | D        | Reached XP level 4. HP: 21/41 MP: 3/10
   301 | D        | Reached *** piety under Wu Jian
   301 | D        | Reached XP level 5. HP: 24/47 MP: 3/11
   319 | D        | Learned a level 4 spell: Ice Form
   452 | D        | Noticed Terence
   452 | D        | Noticed a black bear
   454 | D        | Noticed a black bear
   457 | D        | Noticed Edmund
   467 | D        | Reached skill level 5 in Fighting
   467 | D        | Reached skill level 5 in Transmutations
   467 | D        | Reached skill level 1 in Ice Magic
   467 | D        | Reached skill level 1 in Poison Magic
   468 | D        | Killed a black bear
   468 | D        | Reached **** piety under Wu Jian
   468 | D        | Reached skill level 5 in Dodging
   468 | D        | Reached skill level 5 in Spellcasting
   468 | D        | Reached XP level 6. HP: 57/57 MP: 6/13
   470 | D        | Killed Edmund
   472 | D        | Your scales start taking on a lurid green colour.
   472 | D        | Reached XP level 7. HP: 59/64 MP: 6/16
   472 | D        | Gained mutation: Your system is resistant to poisons. (rPois) [Green Draconian growth]
   474 | D        | Killed Terence
   649 | D        | Learned a level 5 spell: Blade Hands
   655 | D        | Reached ***** piety under Wu Jian
   754 | D        | Noticed a lindwurm
   760 | D        | Killed a lindwurm
   760 | D        | Reached skill level 5 in Stealth
   760 | D        | Reached skill level 5 in Poison Magic
   760 | D        | Reached XP level 8. HP: 55/74 MP: 11/18
   898 | D        | Noticed a jumping spider
   900 | D        | Noticed a death yak
   906 | D        | Killed a jumping spider
   906 | D        | Killed a death yak
   906 | D        | Reached XP level 9. HP: 30/83 MP: 14/20
  1147 | D        | Noticed a death yak
  1147 | D        | Noticed a troll
  1153 | D        | Reached skill level 5 in Ice Magic
  1155 | D        | Killed a troll
  1168 | D        | Reached ****** piety under Wu Jian
  1171 | D        | Killed a death yak
  1171 | D        | Reached skill level 10 in Fighting
  1174 | D        | Reached skill level 10 in Unarmed Combat
  1174 | D        | Reached XP level 10. HP: 30/93 MP: 1/22
  1488 | D        | Reached skill level 10 in Transmutations
  1887 | D        | Noticed a merfolk siren
  1887 | D        | Noticed a fire crab
  1906 | D        | Noticed an orange demon
  1906 | D        | Noticed an orc knight
  1908 | D        | Noticed a smoke demon
  1911 | D        | Killed an orc knight
  1911 | D        | Noticed a phantasmal warrior
  1911 | D        | Killed a smoke demon
  1913 | D        | Killed a phantasmal warrior
  1919 | D        | Killed an orange demon
  1921 | D        | Reached skill level 10 in Dodging
  1923 | D        | Reached skill level 10 in Spellcasting
  1925 | D        | Noticed a merfolk siren
  1930 | D        | Noticed Ilsuiw
  1933 | D        | Noticed a merfolk siren
  1934 | D        | Slain by a water elemental

Vault maps used:
D:        pitsprint

Skill      XL: |  1  2  3  4  5  6  7  8  9 10 |
---------------+-------------------------------+-----
Fighting       | 2 4 5 6 8 9 10 11 | 11.4
Dodging        | 2 4 5 7 8 9 10 | 10.0
Stealth        | 1 2 3 4 5 6 7 |  7.5
Transmutations | 3 4 5 6 7 8 9 10 | 10.8
Spellcasting   | 3 4 5 6 7 8 10 | 10.0
Unarmed Combat | 5 6 8 10 11 | 11.0
Ice Magic      | 1 3 4 5 6 |  6.7
Poison Magic   | 2 3 5 6 8 |  8.1

Action                   |  1- 3 |  4- 6 |  7- 9 | 10-12 || total
-------------------------+-------+-------+-------+-------++-------
Melee: Unarmed           |    34 |    20 |    56 |    48 ||   158
       Tailslap          |     4 |       |     4 |     7 ||    15
       Kick              |     3 |       |       |       ||     3
       Headbutt          |     2 |       |       |       ||     2
       Punch             |       |       |     2 |     2 ||     4
 Cast: Beastly Appendage |     5 |       |       |       ||     5
       Spider Form       |     1 |     1 |       |       ||     2
       Ice Form          |       |     1 |       |       ||     1
       Blade Hands       |       |       |     5 |     2 ||     7
Invok: Serpent's Lash    |       |       |     3 |     2 ||     5
       Heavenly Storm    |       |       |     1 |     2 ||     3
 Abil: Breathe Noxious F |       |       |     1 |       ||     1
  Use: Potion            |     2 |       |     3 |     1 ||     6
 Stab: Sleeping          |       |       |     2 |       ||     2
       Confused          |       |       |     1 |       ||     1
  Eat: Chunk             |       |       |     2 |       ||     2
       Fruit             |       |       |    11 |       ||    11
Armor: Skin              |     6 |     1 |     8 |     4 ||    19
Dodge: Dodged            |    28 |    17 |    24 |    24 ||    93

Table legend:
 A = Spawn XP
 B = Non-spawn XP
 C = Spawn XP percentage of total XP
 D = Spawn monster count
 E = Non-spawn monster count
 F = Spawn count percentage of total count
 G = Total turns spent on level
                    A         B        C        D         E        F      G
               +---------+---------+-------+---------+---------+-------+---------
         Total |       0 |   10065 |   0.0 |       0 |      59 |   0.0 |  1934
               +---------+---------+-------+---------+---------+-------+---------
             D |       0 |   10065 |   0.0 |       0 |      59 |   0.0 |  1934
               +---------+---------+-------+---------+---------+-------+---------
